 Dungeon Crawl Stone Soup version 0.30.1 (webtiles) character file.

Game seed: 13505615684410113225

99 AgateBread the Gusty (level 4, -1/25 HPs)
             Began as a Tengu Air Elementalist on July 6, 2023.
             Killed from afar by an orc wizard (9 damage)
             ... with a bolt of light
             ... on level 3 of the Dungeon on July 7, 2023.
             The game lasted 00:14:05 (4525 turns).

AgateBread the Gusty (Tengu Air Elementalist)       Turns: 4525, Time: 00:14:06

Health: -1/25      AC:  3    Str:  9    XL:     4   Next: 72%
Magic:  8/9        EV: 12    Int: 17    God:
Gold:   75         SH:  0    Dex: 14    Spells: 6/9 levels left

rFire   . . .        p - +0 short sword
rCold   . . .        (no shield)
rNeg    . . .        a - +0 robe
rPois   .            (helmet restricted)
rElec   .            (no cloak)
rCorr   .            q - +0 pair of gloves
SInv    .            (boots unavailable)
Will    .....        (no amulet)
Stlth   ++           (no ring)
HPRegen 0.24/turn    (no ring)
MPRegen 0.11/turn

%: no passive effects
@: no status effects
A: beak, talons 3
a: no special abilities


You were on level 3 of the Dungeon.
You visited 1 branch of the dungeon, and saw 3 of its levels.

You collected 75 gold pieces.

Inventory:

Hand Weapons
 j - a +0 dagger
 k - a +0 falchion
 p - a +0 short sword (weapon)
Missiles
 n - 7 poisoned darts
Armour
 a - a +0 robe (worn)
 e - a +0 ring mail
 f - a +0 chain mail
 g - a +0 leather armour
 q - a +0 pair of gloves (worn)
Wands
 o - a wand of roots (12)
Scrolls
 d - a scroll of identify {unknown}
 h - a scroll of immolation {unknown}
 s - a scroll of vulnerability {unknown}
 t - a scroll of fear {unknown}
Potions
 b - 2 potions of magic
 c - a potion of curing {unknown}
 i - 2 potions of attraction {unknown}
 l - 2 potions of heal wounds {unknown}
 m - a potion of resistance {unknown}
 r - a potion of degeneration {unknown}


   Skills:
 + Level 1.6 Fighting
 - Level 2.3 Dodging
 - Level 2.1 Stealth
 + Level 3.0 Spellcasting
 - Level 1.7 Conjurations
 + Level 5.2 Air Magic


You had 6 spell levels left.
You knew the following spells:

 Your Spells              Type           Power      Damage    Failure   Level
a - Shock                 Conj/Air       56%        1d6       4%          1
b - Static Discharge      Conj/Air       28%        2-4/arc   6%          2

Your spell library contained the following spells:

 Spells                   Type           Power      Damage    Failure   Level
 Swiftness                Air            20%        N/A       6%          3
 Sandblast                Erth           4%         2d4       17%         1
 Airstrike                Air            10%        2d(2-18)  21%         4
 Passwall                 Tmut/Erth      1%         N/A       26%         2
 Stone Arrow              Conj/Erth      10%        3d7       36%         3


Dungeon Overview and Level Annotations

Branches:
Dungeon (3/15)

Altars:


Innate Abilities, Weirdness & Mutations

You have a beak for a mouth.
You have claws for feet.


Message History

Magic restored.
You start resting.
HP restored.
You start waiting.
Done waiting.
You start waiting.
Done waiting.
You start waiting.
Done waiting.
You start waiting.
Done waiting.
Done exploring.
Memorise Static Discharge, consuming 2 spell levels and leaving 6?
You start memorising the spell.
You continue memorising. x2
You finish memorising.
Spell assigned to 'b'.
There is a stone staircase leading down here.
You climb downwards.
There is a stone staircase leading up here.
Things that are here:
a +0 leather armour; a +0 short sword You see here a +0 whip.
Things that are here:
a +0 chain mail; a +0 falchion
Found a stone staircase leading down.
The orc wizard shouts!
Aiming: Shock (safe; 4% risk of failure)
Press: ? - help, Q - select action, (/) - cycle Shift-Dir - straight line, f - orc wizard
Aim: an orc wizard, wielding a +0 dagger, wearing a +0 robe and carrying a wand of light (10) (64% to hit)
The zap hits the orc wizard.
The orc wizard is moderately wounded.
The orc wizard zaps a wand.
The bolt of light hits you!
Aiming: Shock (safe; 4% risk of failure)
Press: ? - help, Q - select action, (/) - cycle Shift-Dir - straight line, f/p - orc wizard
Aim: an orc wizard, wielding a +0 dagger, wearing a +0 robe and carrying a wand of light (9) (moderately wounded, 64% to hit)
Okay, then.
The orc wizard gestures at you while chanting.
The magic dart hits you.
Okay, then.
The orc wizard zaps a wand.
The bolt of light hits you!
You die...

#....###.#.#
..
####..#.##.#
#.#.###.#
#.#.# #.#
#.#.# #.#
#.#.# #.#
#.#.###.##
#.#......#
#####@.#
#..# #..#
#..# #.#
#.......>.
...
#...o.....
..#
#.###o....
#.. ..... o
.. .... ##


You could see an orc wizard.

Vanquished Creatures
  2 adders
  A worm (D:2)
  7 orcs
  3 ball pythons
  3 bats
  6 endoplasms
  4 giant cockroaches
  5 hobgoblins
  6 jackals
  4 kobolds
  4 quokkas
  4 frilled lizards
  8 goblins
  5 rats
62 creatures vanquished.

Notes
Turn   | Place    | Note
-------+----------+-------------------------------------------
     0 | D:1      | AgateBread the Tengu Air Elementalist began the quest for
                  | the Orb.
     0 | D:1      | Reached XP level 1. HP: 10/10 MP: 4/4
   158 | D:1      | Found a faded altar of an unknown god.
   278 | D:1      | Reached XP level 2. HP: 15/15 MP: 3/6
   946 | D:1      | Reached XP level 3. HP: 18/19 MP: 2/7
  1874 | D:2      | Reached skill level 1 in Fighting
  2086 | D:2      | Reached XP level 4. HP: 25/25 MP: 6/9
  2532 | D:3      | Reached skill level 5 in Air Magic
  4366 | D:2      | Learned a level 2 spell: Static Discharge
  4525 | D:3      | Killed from afar by an orc wizard

Illustrated notes

Levels and vault maps discovered:
D:1:      dpeg_arrival_refuge, layout_loops_ring,
          chequers_ecumenical_altar_lobes
D:2:      layout_loops_ring
D:3:      layout_loops_ring

Skill      XL: |  1  2  3  4 |
---------------+-------------+-----
Fighting       | 1 |  1.6
Air Magic      | 5 |  5.2
Spellcasting   | 3 |  3.0
Dodging        | |  2.3
Stealth        | |  2.1
Conjurations   | |  1.7

Action                     |  1- 3 |  4- 6 || total
---------------------------+-------+-------++-------
  Melee: Whip              |     3 |       ||     3
         Dagger            |     4 |     1 ||     5
         Kick              |     1 |     3 ||     4
         Short sword       |       |    12 ||    12
         Peck              |       |     2 ||     2
  Throw: Dart              |     3 |       ||     3
   Cast: Shock             |    79 |    45 ||   124
 Armour: Robe              |     1 |     3 ||     4
  Dodge: Dodged            |    12 |    12 ||    24
